PL
PHOENIX HOTSPUR @ LAS VEGAS FLAMINGOS
09/25/2032
 
TOP OF THE 1ST
Phoenix Hotspur batting - Pitching for Las Vegas Flamingos : RHP Germán Rodríguez
Pitching: RHP Germán Rodríguez
Batting: RHB Pierre Bernard 0-0: Ball
1-0: Foul Ball, location: 2F
1-1: Ball
2-1: Fly out, F9 (Flyball, 9)
Batting: LHB Francisco García 0-0: Ball
1-0: Ball
2-0: Swinging Strike
2-1: Fly out, F7 (Line Drive, 7)
Batting: LHB Tadayoshi Watanabe 0-0: Foul Ball, location: 2F
0-1: Foul Ball, location: 2F
0-2: Foul Ball, location: 2F
0-2: Strikes out swinging
Top of the 1st over - 0 runs, 0 hits, 0 errors, 0 left on base; Phoenix 0 - Las Vegas 0
BOTTOM OF THE 1ST
Las Vegas Flamingos batting - Pitching for Phoenix Hotspur : LHP Wes Hamm
Pitching: LHP Wes Hamm
Batting: RHB Xavier Hernández 0-0: Swinging Strike
0-1: Ball
1-1: Foul Ball, location: 2F
1-2: Ball
2-2: Ball
3-2: Foul Ball, location: 2F
3-2: Foul Ball, location: 2F
3-2: DOUBLE (Flyball, 89D)
Batting: RHB Ellis Greenham 0-0: Ground out 1-3 (Groundball, 13S)
Xavier Hernández to third
Batting: RHB Keith Fish 0-0: Called Strike
0-1: Ball
1-1: Ball
2-1: Swinging Strike
2-2: Ball
3-2: Strikes out looking
Batting: RHB Sake van Arem 0-0: Called Strike
0-1: Ground out 6-3 (Groundball, 4MS)
Bottom of the 1st over - 0 runs, 1 hit, 0 errors, 1 left on base; Phoenix 0 - Las Vegas 0
TOP OF THE 2ND
Phoenix Hotspur batting - Pitching for Las Vegas Flamingos : RHP Germán Rodríguez
Batting: LHB Harumi Takaki 0-0: Called Strike
0-1: Ball
1-1: Swinging Strike
1-2: Ball
2-2: Strikes out swinging
Batting: RHB Julián De Paz 0-0: Ball
1-0: Called Strike
1-1: Fly out, F6 (Popup, 6S)
Batting: RHB Randy Rehling 0-0: Called Strike
0-1: Ball
1-1: Ball
2-1: SINGLE (Line Drive, 5D)
Batting: RHB Dale Everest 0-0: Called Strike
0-1: Called Strike
0-2: Ground out 4-3 (Groundball, 4)
Top of the 2nd over - 0 runs, 1 hit, 0 errors, 1 left on base; Phoenix 0 - Las Vegas 0
BOTTOM OF THE 2ND
Las Vegas Flamingos batting - Pitching for Phoenix Hotspur : LHP Wes Hamm
Batting: RHB Baldomero Avino 0-0: Called Strike
0-1: Ball
1-1: Ground out 6-3 (Groundball, 56)
Batting: RHB Christian Turner 0-0: Ball
1-0: Ground out 4-3 (Groundball, 4)
Batting: LHB Ruud van Ineveld 0-0: Ground out 6-3 (Groundball, 6)
Bottom of the 2nd over - 0 runs, 0 hits, 0 errors, 0 left on base; Phoenix 0 - Las Vegas 0
TOP OF THE 3RD
Phoenix Hotspur batting - Pitching for Las Vegas Flamingos : RHP Germán Rodríguez
Batting: RHB Jim Justice 0-0: Ball
1-0: Foul Ball, location: 2F
1-1: Foul Ball, location: 2F
1-2: Ball
2-2: Strikes out swinging
Batting: RHB Enrico Sánchez 0-0: Called Strike
0-1: Swinging Strike
0-2: Strikes out looking
Batting: RHB Pierre Bernard 0-0: Ball
1-0: Ground out U3 (Groundball, 34)
Top of the 3rd over - 0 runs, 0 hits, 0 errors, 0 left on base; Phoenix 0 - Las Vegas 0
BOTTOM OF THE 3RD
Las Vegas Flamingos batting - Pitching for Phoenix Hotspur : LHP Wes Hamm
Batting: LHB Victor Adams 0-0: Ball
1-0: SINGLE (Groundball, 4MS) (infield hit)
Batting: RHB Jeff Young 0-0: Called Strike
Victor Adams is caught stealing 2nd base
0-1: Fly out, F9 (Flyball, 9LM)
Batting: RHB Xavier Hernández 0-0: Called Strike
0-1: Called Strike
0-2: Ball
1-2: Ground out 5-3 (Groundball, 5L)
Bottom of the 3rd over - 0 runs, 1 hit, 0 errors, 0 left on base; Phoenix 0 - Las Vegas 0
TOP OF THE 4TH
Phoenix Hotspur batting - Pitching for Las Vegas Flamingos : RHP Germán Rodríguez
Batting: LHB Francisco García 0-0: Foul Ball, location: 2F
0-1: Called Strike
0-2: Ball
1-2: Ball
2-2: SINGLE (Groundball, 6MD)
Batting: LHB Tadayoshi Watanabe 0-0: Called Strike
0-1: Swinging Strike
0-2: Ball
1-2: Ball
2-2: Strikes out swinging
Batting: LHB Harumi Takaki 0-0: Called Strike
0-1: Ball
1-1: Ball
2-1: Ball
3-1: Swinging Strike
3-2: Strikes out looking
Throwing error on steal attempt, E2
Francisco García to third
Batting: RHB Julián De Paz 0-0: Foul Ball, location: 2F
0-1: Ball
1-1: Called Strike
1-2: Ball
2-2: Ball
3-2: Ground out 5-3 (Groundball, 56)
Top of the 4th over - 0 runs, 1 hit, 1 error, 1 left on base; Phoenix 0 - Las Vegas 0
BOTTOM OF THE 4TH
Las Vegas Flamingos batting - Pitching for Phoenix Hotspur : LHP Wes Hamm
Batting: RHB Ellis Greenham 0-0: Called Strike
0-1: Foul Ball, location: 2F
0-2: Ball
1-2: Ball
2-2: Foul Ball, location: 2F
2-2: Ball
3-2: Foul Ball, location: 2F
3-2: Foul Ball, location: 2F
3-2: Foul Ball, location: 2F
3-2: Ground out 6-3 (Groundball, 6)
Batting: RHB Keith Fish 0-0: Called Strike
0-1: Ball
1-1: Ball
2-1: DOUBLE (Flyball, 8RD)
Batting: RHB Sake van Arem 0-0: Foul Ball, location: 2F
0-1: Ball
1-1: Foul Ball, location: 2F
1-2: SINGLE (Line Drive, 8RS)
Keith Fish to third
Runner from 3rd tries for Home, SAFE, no throw
Batting: RHB Baldomero Avino 0-0: Ball
Throwing error on steal attempt, E2
Sake van Arem to third
1-0: Ball
2-0: Called Strike
2-1: Foul Ball, location: 2F
2-2: Foul Ball, location: 2F
2-2: Ball
3-2: Ground out 5-3 (Groundball, 5)
Batting: RHB Christian Turner 0-0: Ball
1-0: Called Strike
1-1: Swinging Strike
1-2: Strikes out swinging
Bottom of the 4th over - 1 run, 2 hits, 1 error, 1 left on base; Phoenix 0 - Las Vegas 1
TOP OF THE 5TH
Phoenix Hotspur batting - Pitching for Las Vegas Flamingos : RHP Germán Rodríguez
Batting: RHB Randy Rehling 0-0: Ball
1-0: Ball
2-0: Foul Ball, location: 2F
2-1: Foul Ball, location: 2F
2-2: Ball
3-2: Strikes out swinging
Batting: RHB Dale Everest 0-0: Foul Ball, location: 2F
0-1: Ball
1-1: Ground out 6-3 (Groundball, 6S)
Batting: RHB Jim Justice 0-0: Called Strike
0-1: Swinging Strike
0-2: SINGLE (Line Drive, 8LS)
Batting: RHB Enrico Sánchez 0-0: Foul Ball, location: 2F
0-1: Ball
1-1: Ball
2-1: Ground out 4-3 (Groundball, 4)
Top of the 5th over - 0 runs, 1 hit, 0 errors, 1 left on base; Phoenix 0 - Las Vegas 1
BOTTOM OF THE 5TH
Las Vegas Flamingos batting - Pitching for Phoenix Hotspur : LHP Wes Hamm
Batting: LHB Ruud van Ineveld 0-0: Ball
1-0: Foul Ball, location: 2F
1-1: Ball
2-1: Foul Ball, location: 2F
2-2: DOUBLE (Line Drive, 9LM)
Batting: LHB Victor Adams 0-0: Ball
1-0: Ball
2-0: Ball
3-0: Called Strike
3-1: Foul Ball, location: 2F
3-2: Foul Ball, location: 2F
3-2: Strikes out looking
Batting: RHB Jeff Young 0-0: Called Strike
0-1: SINGLE (Line Drive, 56D)
Ruud van Ineveld to third
Runner from 3rd tries for Home, SAFE, no throw
Batting: RHB Xavier Hernández 0-0: Called Strike
0-1: Swinging Strike
0-2: Foul Ball, location: 2F
0-2: Foul Ball, location: 2F
0-2: Ball
1-2: Fly out, F8 (Flyball, 89XD)
Batting: RHB Ellis Greenham 0-0: Ball
1-0: Ball
2-0: Called Strike
2-1: Ground out 4-3 (Groundball, 4)
Bottom of the 5th over - 1 run, 2 hits, 0 errors, 1 left on base; Phoenix 0 - Las Vegas 2
TOP OF THE 6TH
Phoenix Hotspur batting - Pitching for Las Vegas Flamingos : RHP Germán Rodríguez
Batting: RHB Pierre Bernard 0-0: Ball
1-0: SINGLE (Groundball, 6D)
Batting: LHB Francisco García 0-0: Ball
1-0: Ball
2-0: Called Strike
2-1: Ball
3-1: Foul Ball, location: 2F
3-2: Foul Ball, location: 2F
3-2: SINGLE (Line Drive, 9LS)
Pierre Bernard to second
Batting: LHB Tadayoshi Watanabe 0-0: Foul Ball, location: 2F
0-1: Called Strike
0-2: SINGLE (Groundball, 4MD)
Pierre Bernard to third
Francisco García to second
Batting: LHB Harumi Takaki 0-0: Ball
1-0: Ball
2-0: Called Strike
2-1: Foul Ball, location: 2F
2-2: SINGLE (Line Drive, 8LS)
Pierre Bernard scores
Francisco García to third
Tadayoshi Watanabe to second
Runner from 3rd tries for Home, SAFE, throw made home
Batting: RHB Julián De Paz 0-0: Ball
1-0: Ball
2-0: Foul Ball, location: 2F
2-1: Ball
3-1: Base on Balls
Tadayoshi Watanabe to third
Harumi Takaki to second
Batting: RHB Randy Rehling 0-0: Ball
1-0: Called Strike
1-1: Foul Ball, location: 2F
1-2: SINGLE (Groundball, 34D)
Tadayoshi Watanabe scores
Harumi Takaki to third
Julián De Paz to second
Runner from 3rd tries for Home, SAFE, no throw
Pitching: RHP Russ Horne
Batting: RHB Dale Everest 0-0: Sac Bunt - play at first, batter OUT! 2-3
Julián De Paz to third
Randy Rehling to second
Batting: RHB Jim Justice 0-0: Called Strike
0-1: Ball
1-1: Ball
2-1: Ball
3-1: Base on Balls
Batting: RHB Enrico Sánchez 0-0: Called Strike
0-1: DOUBLE (Flyball, 89D)
Julián De Paz scores
Randy Rehling scores
Jim Justice to third
Batting: RHB Pierre Bernard 0-0: Called Strike
0-1: Hit by Pitch
Batting: LHB Francisco García 0-0: Called Strike
0-1: Ball
1-1: Grounds into double play, 1-2-3 (Groundball, 13S)
Top of the 6th over - 6 runs, 6 hits, 0 errors, 2 left on base; Phoenix 6 - Las Vegas 2
BOTTOM OF THE 6TH
Las Vegas Flamingos batting - Pitching for Phoenix Hotspur : LHP Wes Hamm
Batting: RHB Keith Fish 0-0: Foul Ball, location: 2F
0-1: SINGLE (Line Drive, 34D)
Batting: RHB Sake van Arem 0-0: Ball
1-0: Ball
2-0: Foul Ball, location: 2F
2-1: SINGLE (Line Drive, 56D)
Keith Fish to second
Batting: RHB Baldomero Avino 0-0: Foul Ball, location: 2F
0-1: Ball
1-1: Called Strike
1-2: Fly out, F7 (Flyball, 7D)
Runner from 2nd tags up, SAFE at 3rd, no throw
Batting: RHB Christian Turner 0-0: Called Strike
0-1: Ball
1-1: Foul Ball, location: 2F
1-2: DOUBLE (Line Drive, 7LM)
Keith Fish scores
Sake van Arem to third
Runner from 3rd tries for Home, SAFE, no throw
Batting: LHB Ruud van Ineveld 0-0: Ball
1-0: Swinging Strike
1-1: Foul Ball, location: 2F
1-2: Ball
2-2: Ball
3-2: Foul Ball, location: 2F
3-2: Foul Ball, location: 2F
3-2: Strikes out swinging
Batting: LHB Victor Adams 0-0: Ball
1-0: Fly out, F7 (Flyball, 7D)
Bottom of the 6th over - 2 runs, 3 hits, 0 errors, 1 left on base; Phoenix 6 - Las Vegas 4
TOP OF THE 7TH
Phoenix Hotspur batting - Pitching for Las Vegas Flamingos : RHP Russ Horne
Batting: LHB Tadayoshi Watanabe 0-0: Ball
1-0: Called Strike
1-1: Foul Ball, location: 2F
1-2: Ball
2-2: Foul Ball, location: 2F
2-2: Ball
3-2: DOUBLE (Line Drive, 89D)
Batting: LHB Harumi Takaki 0-0: Ball
1-0: Foul Ball, location: 2F
1-1: Foul Ball, location: 2F
1-2: Ground out 4-3 (Groundball, 4)
Tadayoshi Watanabe to third
Batting: RHB Julián De Paz 0-0: Called Strike
0-1: Fly out, F8 (Flyball, 8RM)
Runner from 3rd tags up, SCORES, throw made
Batting: RHB Randy Rehling 0-0: Swinging Strike
0-1: Foul Ball, location: 2F
0-2: Strikes out swinging
Top of the 7th over - 1 run, 1 hit, 0 errors, 0 left on base; Phoenix 7 - Las Vegas 4
BOTTOM OF THE 7TH
Las Vegas Flamingos batting - Pitching for Phoenix Hotspur : LHP Wes Hamm
Batting: RHB Jeff Young 0-0: Called Strike
0-1: Ball
1-1: Ground out 4-3 (Groundball, 4)
Batting: RHB Xavier Hernández 0-0: SINGLE (Line Drive, 5D)
Batting: RHB Ellis Greenham 0-0: 2-RUN HOME RUN (Flyball, 78XD), Distance : 429 ft
Pitching: RHP Roger Taylor
Batting: RHB Keith Fish 0-0: Called Strike
0-1: Swinging Strike
0-2: Foul Ball, location: 2F
0-2: SINGLE (Groundball, 6MD)
Batting: RHB Sake van Arem 0-0: Ball
1-0: DOUBLE (Line Drive, 89D)
Keith Fish to third
Batting: RHB Baldomero Avino 0-0: Called Strike
0-1: Foul Ball, location: 2F
0-2: Ball
1-2: Foul Ball, location: 2F
1-2: Ball
2-2: Ball
3-2: Foul Ball, location: 2F
3-2: Strikes out swinging
Batting: RHB Christian Turner 0-0: Ball
1-0: Called Strike
1-1: Swinging Strike
1-2: Foul Ball, location: 2F
1-2: Strikes out swinging
Bottom of the 7th over - 2 runs, 4 hits, 0 errors, 2 left on base; Phoenix 7 - Las Vegas 6
TOP OF THE 8TH
Phoenix Hotspur batting - Pitching for Las Vegas Flamingos : RHP Russ Horne
Batting: RHB Dale Everest 0-0: Called Strike
0-1: Ball
1-1: Foul Ball, location: 2F
1-2: Ball
2-2: Ball
3-2: Foul Ball, location: 2F
3-2: Base on Balls
Batting: RHB Jim Justice 0-0: Called Strike
Dale Everest is caught stealing 2nd base
0-1: Ground out 6-3 (Groundball, 6)
Batting: RHB Enrico Sánchez 0-0: Fly out, F2 (Popup, 5SF)
Top of the 8th over - 0 runs, 0 hits, 0 errors, 0 left on base; Phoenix 7 - Las Vegas 6
BOTTOM OF THE 8TH
Las Vegas Flamingos batting - Pitching for Phoenix Hotspur : RHP Roger Taylor
Batting: LHB Ruud van Ineveld 0-0: Called Strike
0-1: Fly out, F9 (Flyball, 89M)
Batting: LHB Victor Adams 0-0: Called Strike
0-1: Hit by Pitch
Pitching: RHP Mitchell Atwell
Pinch Runner at 1st Daniel Maldonado:
Batting: RHB Jeff Young 0-0: Ball
1-0: SINGLE (Line Drive, 56D)
Daniel Maldonado to second
Batting: RHB Xavier Hernández 0-0: Foul Ball, location: 2F
0-1: Fly out, F9 (Flyball, 9D)
Runner from 2nd tags up, SAFE at 3rd, no throw
Batting: RHB Ellis Greenham 0-0: Ball
1-0: Called Strike
1-1: SINGLE (Groundball, 56S) (infield hit)
Daniel Maldonado scores
Jeff Young to second
Pinch Hitting: RHB Sotaro Sakata 0-0: Fly out, F7 (Flyball, 7S)
Bottom of the 8th over - 1 run, 2 hits, 0 errors, 2 left on base; Phoenix 7 - Las Vegas 7
TOP OF THE 9TH
Phoenix Hotspur batting - Pitching for Las Vegas Flamingos : RHP Russ Horne
Pitching: RHP Cris Herrera
Now in RF: Armando Villarreal
Batting: RHB Pierre Bernard 0-0: Ball
1-0: SINGLE (Groundball, 34D)
Batting: LHB Francisco García 0-0: Bunted foul
0-1: Ball
1-1: Sac Bunt - play at first, batter OUT! 1-4
Pierre Bernard to second
Batting: LHB Tadayoshi Watanabe 0-0: Foul Ball, location: 2F
0-1: Foul Ball, location: 2F
0-2: Strikes out looking
Batting: LHB Harumi Takaki 0-0: Foul Ball, location: 2F
0-1: Ball
1-1: Ball
2-1: Foul Ball, location: 2F
2-2: Ball
3-2: Fly out, F8 (Flyball, 8RXD)
Top of the 9th over - 0 runs, 1 hit, 0 errors, 1 left on base; Phoenix 7 - Las Vegas 7
BOTTOM OF THE 9TH
Las Vegas Flamingos batting - Pitching for Phoenix Hotspur : RHP Mitchell Atwell
Batting: RHB Sake van Arem 0-0: Foul Ball, location: 2F
0-1: Foul Ball, location: 2F
0-2: DOUBLE (Line Drive, 7LS)
Batting: RHB Baldomero Avino 0-0: Intentional Walk
Batting: RHB Christian Turner 0-0: SINGLE (Groundball, 6MD)
Sake van Arem to third
Baldomero Avino to second
Batting: LHB Ruud van Ineveld 0-0: Swinging Strike
0-1: SINGLE (Groundball, 4MD)
Sake van Arem scores
Wednesday, September 19th, 2018 - OOTP Baseball 18.8 Build 76